 Dungeon Crawl Stone Soup version 0.28.0 (console) character file.

Game seed: 10863469320967319010

102 ryathie the Magician (level 4, -1/24 HPs)
             Began as a Deep Elf Hedge Wizard on Feb 14, 2022.
             Slain by an adder (4 damage)
             ... on level 2 of the Dungeon.
             The game lasted 00:05:45 (1942 turns).

ryathie the Magician (Deep Elf Hedge Wizard)        Turns: 1942, Time: 00:05:46

Health: -1/24      AC:  2    Str:  7    XL:     4   Next: 49%
Magic:  2/13       EV: 12    Int: 21    God:
Gold:   65         SH:  0    Dex: 14    Spells: 9/14 levels left

rFire   . . .      SeeInvis .   a - +0 dagger
rCold   . . .      Faith    .   (no shield)
rNeg    . . .      Spirit   .   b - +0 robe
rPois   .          Reflect  .   c - +0 hat
rElec   .          Harm     .   (no cloak)
rCorr   .          Rampage  .   (no gloves)
Will    .....                   (no boots)
Stlth   ++........              (no amulet)
HPRegen 0.08/turn               (no ring)
MPRegen 0.13/turn               (no ring)

@: no status effects
A: no striking features
a: no special abilities


You were on level 2 of the Dungeon.
You visited 1 branch of the dungeon, and saw 3 of its levels.

You collected 65 gold pieces.

Inventory:

Hand Weapons
 a - a +0 dagger (weapon)
Armour
 b - a +0 robe (worn)
 c - a +0 hat (worn)
Jewellery
 k - a ring of protection from fire
Potions
 h - 2 potions of heal wounds
 j - a potion of magic
 l - 2 potions of curing


   Skills:
 - Level 2.4 Dodging
 - Level 2.4 Stealth
 + Level 5.7 Spellcasting
 + Level 3.0 Conjurations
 - Level 2.0 Summonings
 + Level 1.8 Translocations


You had 9 spell levels left.
You knew the following spells:

 Your Spells              Type           Power      Damage    Failure   Level
a - Magic Dart            Conj           72%        1d6       3%          1
b - Call Imp              Summ           14%        N/A       7%          2
B - Blink                 Tloc           26%        N/A       7%          2

Your spell library contained the following spells:

 Spells                   Type           Power      Damage    Failure   Level
 Beastly Appendage        Tmut           10%        N/A       10%         1
 Slow                     Hex            20%        N/A       10%         1
 Conjure Flame            Conj/Fire      12%        6-21      16%         3
 Mephitic Cloud           Conj/Pois/Air  10%        N/A       21%         3


Dungeon Overview and Level Annotations

Branches:
Dungeon (3/15)

Altars:

Annotations:
D:3 Robin, Sigmund


Message History

The puff of frost hits the endoplasm.
You see here a rat corpse.
The endoplasm hits your white imp but does no damage.
Your white imp hits the endoplasm.
The endoplasm dies!
Terence says, "How do you enjoy it?" The rat misses you.
The rat closely misses you.
The rat twitches its whiskers.
Your white imp hits Terence.
Terence dies!
Your Conjurations skill increases to level 3!
You see here a bat corpse.
Your white imp hits the rat.
The rat dies!
There is a stone staircase leading up here.
Sigmund casts a spell at you. You resist with some effort.
You climb upwards.
The adder closely misses you. x2
There is a stone staircase leading down here.
Unknown command.
Casting: Call Imp (safe; 7% risk of failure)
Confirm with . or Enter, or press ? or * to list all spells.
Aiming: Magic Dart (safe; 3% risk of failure)
Press: ? - help, Shift-Dir - straight line, f - adder
Aim: an adder (100% to hit)
The magic dart hits the adder.
The adder is heavily wounded.
The adder bites you but does no damage.
Casting: Magic Dart (safe; 3% risk of failure)
Confirm with . or Enter, or press ? or * to list all spells.
Aiming: Magic Dart (safe; 3% risk of failure)
Press: ? - help, Shift-Dir - straight line, f/p - adder
Aim: an adder (heavily wounded, 100% to hit)
The magic dart hits the adder.
The adder is almost dead.
The adder bites you.
* * * LOW HITPOINT WARNING * * *
The adder bites you.
You die...

...# .#.# ### .#.#
#.# .#.########.#
............###
..#...........#
........#.....#
.##...........####
...............S@#
.##...........####
.##.........<..##
........#.......##
..............<..##
..................#
..........#....#.##
..).#..........#.###
..........#........#


You could see an adder.

Vanquished Creatures
  2 dart slugs
  6 bats
  2 endoplasms (D:1)
  3 giant cockroaches
  6 goblins
  7 hobgoblins
  4 jackals
  A quokka (D:1)
  4 ball pythons (D:1)
  3 frilled lizards
  A kobold (D:1)
  5 rats
44 creatures vanquished.

Vanquished Creatures (collateral kills)
  Terence (D:3)
  5 worms
  An endoplasm (D:3)
  A hobgoblin (D:3)
  A bat (D:3)
  A kobold (D:2)
  A rat (D:3)
11 creatures vanquished.

Grand Total: 55 creatures vanquished

Notes
Turn   | Place    | Note
-------+----------+-------------------------------------------
     0 | D:1      | ryathie the Deep Elf Hedge Wizard began the quest for the
                  | Orb.
     0 | D:1      | Reached XP level 1. HP: 10/10 MP: 7/7
   182 | D:1      | Reached XP level 2. HP: 15/15 MP: 3/9
   185 | D:1      | Learned a level 2 spell: Blink
   188 | D:1      | Learned a level 2 spell: Call Imp
   488 | D:1      | Reached skill level 5 in Spellcasting
   749 | D:1      | Found a faded altar of an unknown god.
   757 | D:1      | Got Plato's Catalogue of Shape Shifting
  1033 | D:1      | Reached XP level 3. HP: 18/19 MP: 7/11
  1678 | D:3      | Noticed Robin
  1788 | D:3      | Noticed Sigmund
  1884 | D:3      | Reached XP level 4. HP: 13/24 MP: 5/13
  1894 | D:3      | Noticed Terence
  1937 | D:3      | Killed Terence
  1942 | D:2      | Slain by an adder

Illustrated notes

Levels and vault maps discovered:
D:1:      evilmike_arrival_plus, layout_loops_ring,
          shapermc_ecumenical_altar_rom_forum, amcnicky_mini_corridor_feature
D:2:      layout_basic
D:3:      layout_rooms, lemuel_coloured_pillars_altar,
          mainiacjoe_overflow_catwalk, grunt_temple_overflow_diamond,
          lightli_sewer_entry_pipes, uniq_robin, uniq_sigmund, uniq_terence

Skill      XL: |  1  2  3  4 |
---------------+-------------+-----
Conjurations   | 2 3 |  3.0
Spellcasting   | 5 |  5.7
Summonings     | 2 |  2.0
Dodging        | |  2.4
Stealth        | |  2.4
Translocations | |  1.8

Action                   |  1- 3 |  4- 6 || total
-------------------------+-------+-------++-------
Melee: Dagger            |    41 |     5 ||    46
 Cast: Magic Dart        |   100 |     8 ||   108
       Call Imp          |     9 |     1 ||    10
  Use: Scroll            |     6 |       ||     6
 Stab: Sleeping          |     1 |       ||     1
       Distracted        |     1 |       ||     1
Armor: Robe              |    12 |     1 ||    13
Dodge: Dodged            |    47 |     6 ||    53
